 Dungeon Crawl Stone Soup version 0.29.0-4-gdea44cf6ec (webtiles) character file.

Game seed: 4001871798476418921

90 qw the Chopper (level 4, -3/58 HPs)
             Began as a Minotaur Berserker on Sept 6, 2022.
             Was a Follower of Trog.
             Killed from afar by Natasha (7 damage)
             ... with a magic dart
             ... on level 2 of the Dungeon.
             The game lasted 00:00:28 (1895 turns).

qw the Chopper (Minotaur Berserker)                 Turns: 1895, Time: 00:00:29

Health: -3/58      AC:  6    Str: 23    XL:     4   Next: 32%
Magic:  3/3        EV: 10    Int:  4    God:    Trog [*.....]
Gold:   90         SH:  0    Dex: 10    Spells: 3/3 levels left

rFire   . . .      SeeInvis .   Y - +1 hand axe
rCold   . . .      Faith    .   (no shield)
rNeg    . . .      Spirit   .   c - +0 scale mail
rPois   .          Reflect  .   (helmet restricted)
rElec   .          Harm     .   (no cloak)
rCorr   .          Rampage  .   (no gloves)
Will    .....                   (no boots)
Stlth   ..........              (no amulet)
HPRegen 0.19/turn               (no ring)
MPRegen 0.08/turn               (no ring)

@: berserking, about to teleport, very quick
A: horns 2, retaliatory headbutt
a: Renounce Religion, Berserk


You were on level 2 of the Dungeon.
You worshipped Trog.
Trog was aware of your devotion.
You visited 1 branch of the dungeon, and saw 2 of its levels.

You collected 90 gold pieces.


Innate Abilities, Weirdness & Mutations

You have a pair of horns on your head.
You reflexively headbutt those who attack you in melee.


   Skills:
 - Level 3.6 Fighting
 + Level 6.3 Axes
 - Level 2.4 Armour
 - Level 2.1 Dodging


You had 3 spell levels left.
You didn't know any spells.
Your spell library was empty.

Inventory:

Hand Weapons
 e - a +0 whip
 Y - a +1 hand axe (weapon)
Armour
 c - a +0 scale mail (worn)
Scrolls
 a - a scroll of blinking {unknown}
Potions
 f - a potion of lignification {unknown}
 g - a potion of invisibility {unknown}

Dungeon Overview and Level Annotations

Branches:
Dungeon (2/15)

Altars:

Annotations:
D:2 Natasha


Message History

Natasha yowls pathetically as she dies!
The white imp disappears in a puff of smoke!
Your Axes skill increases to level 6!
You have reached level 4!
You feel agile.
You closely miss the kobold. You headbutt the kobold.
You kill the kobold!
Trog accepts your kill.
You start resting.
You feel a strong urge to attack something.
You are no longer berserk.
You are exhausted.
You feel yourself slow down.
You feel yourself speed up.
You recover from your berserk rage.
Natasha, Servant of Life and Death comes into view.
She is carrying a wand of light (4).
1885 ||| FLEEEEING.
You see here a frilled lizard corpse.
1886 ||| FLEEEEING.
Natasha zaps a wand.
The bolt of light hits you!
You are confused.
You hit Natasha.
Natasha is moderately wounded.
Natasha misses you.
You're too confused to move!
You feel less confused.
Natasha zaps a wand.
The bolt of light hits you!
1893 ||| READING scroll of teleportation.
As you read the scroll of teleportation, it crumbles to dust.
You feel strangely unstable.
Natasha mumbles some strange words.
1894 ||| INVOKING Berserk.
A red film seems to cover your vision as you go berserk!
You feel yourself moving faster!
You feel mighty! Natasha claws you but does no damage.
You slash Natasha!
Natasha is almost dead.
You hit the iron imp. The iron imp hits you!
Natasha stares at you and mumbles some strange words.
The magic dart hits you!
You die...

..... .......... #.
................ #.
..$..........h.. .. #....
.........# ..
#....##........#
#............).#
##......).## ...#
#.......%.h##...# ..#
#.........@.....# #..
#.........5.....# .#
#.......^.......# ###
#......#.......## ..#
#......#.......# #.##.#
#......#.......#######.##..
#......####............####
..... #...#######......
#### #...# #.#####


You could see an iron imp (summoned) and Natasha.

Vanquished Creatures
  Natasha (D:2)
  4 gnolls
  A bat (D:1)
  6 endoplasms (D:1)
  A hobgoblin (D:1)
  4 kobolds
  3 ball pythons (D:1)
  3 frilled lizards
  3 rats
26 creatures vanquished.

Notes
Turn   | Place    | Note
-------+----------+-------------------------------------------
     0 | D:1      | qw the Minotaur Berserker began the quest for the Orb.
     0 | D:1      | Reached XP level 1. HP: 19/19 MP: 0/0
     0 | D:1      | 0 ||| qw: Version: 0.1-a-107-g9ff403c
     0 | D:1      | 0 ||| qw: Game counter: 6087
     0 | D:1      | 0 ||| qw: Always use a shield: true
     0 | D:1      | 0 ||| qw: Do Orc after D:15 true
     0 | D:1      | 0 ||| qw: Do second Lair branch before Depths: true
     0 | D:1      | 0 ||| qw: Lair rune preference: random
     0 | D:1      | 0 ||| qw: Plans: Normal
     0 | D:1      | 0 ||| PLANNING D:1-11
    34 | D:1      | 34 ||| INVOKING Berserk.
   251 | D:1      | Reached skill level 4 in Axes
   335 | D:1      | You fall into a shaft and drop 1 floor!
   341 | D:2      | 341 ||| Stepping ~*~*~tactically~*~*~ (stealth).
   343 | D:2      | 343 ||| Stepping ~*~*~tactically~*~*~ (hiding).
   344 | D:2      | 344 ||| Stepping ~*~*~tactically~*~*~ (hiding).
   345 | D:2      | 345 ||| INVOKING Berserk.
   348 | D:2      | Reached XP level 2. HP: 26/26 MP: 1/1
   351 | D:2      | Reached skill level 5 in Axes
   356 | D:2      | HP: 4/26 [gnoll/+0 club (6)]
   358 | D:2      | Reached XP level 3. HP: 5/31 MP: 2/2
   575 | D:2      | 575 ||| Stepping ~*~*~tactically~*~*~ (stealth).
   576 | D:2      | 576 ||| Stepping ~*~*~tactically~*~*~ (stealth).
   577 | D:2      | 577 ||| Stepping ~*~*~tactically~*~*~ (stealth).
   649 | D:2      | 649 ||| READING scroll labelled BATHIAVAGO.
   650 | D:2      | 650 ||| READING scroll labelled OTHRAE CIENYNU.
   651 | D:2      | 651 ||| READING scroll labelled ZAOWNA KIAPEPEAS.
   652 | D:2      | 652 ||| Stepping randomly (stuck).
   653 | D:2      | 653 ||| Stepping ~*~*~tactically~*~*~ (cloud).
   901 | D:1      | 901 ||| INVOKING Berserk.
  1583 | D:1      | 1583 ||| UPGRADING to +0 ring mail.
  1593 | D:1      | 1593 ||| DROPPING +0 animal skin.
  1594 | D:1      | 1594 ||| UPGRADING to +0 scale mail.
  1604 | D:1      | 1604 ||| DROPPING +0 ring mail.
  1605 | D:1      | 1605 ||| READING 2 scrolls labelled BAUFRU KUNAU.
  1645 | D:2      | Found a faded altar of an unknown god.
  1794 | D:2      | Noticed Natasha
  1800 | D:2      | 1800 ||| INVOKING Berserk.
  1807 | D:2      | Killed Natasha
  1808 | D:2      | Reached skill level 6 in Axes
  1808 | D:2      | Reached XP level 4. HP: 31/39 MP: 3/3
  1884 | D:2      | Noticed Natasha
  1885 | D:2      | 1885 ||| FLEEEEING.
  1886 | D:2      | 1886 ||| FLEEEEING.
  1892 | D:2      | HP: 8/39 [Natasha/bolt of light (8)]
  1893 | D:2      | 1893 ||| READING scroll of teleportation.
  1894 | D:2      | 1894 ||| INVOKING Berserk.
  1895 | D:2      | Killed from afar by Natasha

Levels and vault maps discovered:
D:1:      reono_arrival_forest_river, layout_basic
D:2:      layout_basic, shapermc_ecumenical_altar_acropolis,
          grunt_ministairs_15, grunt_decor_one_mirror, serial_bayou_pond_b,
          uniq_natasha

Skill      XL: |  1  2  3 |
---------------+----------+-----
Axes           | 4 5 6 |  6.3
Fighting       | |  3.6
Armour         | |  2.4
Dodging        | |  2.1

Action                   |  1- 3 |  4- 6 || total
-------------------------+-------+-------++-------
Melee: Hand axe          |    55 |     3 ||    58
       Headbutt          |     6 |     1 ||     7
Invok: Berserk           |     4 |     1 ||     5
  Use: Scroll            |     4 |     1 ||     5
Armor: Animal skin       |     3 |       ||     3
       Scale mail        |       |     1 ||     1
Dodge: Dodged            |    17 |     1 ||    18

Table legend:
 A = Non-vault XP
 B = Vault XP
 C = Vault XP percentage of total XP
 D = Non-vault monster count
 E = Vault monster count
 F = Vault count percentage of total count
                 A         B        C        D         E       F
            +---------+---------+-------+---------+---------+-------
      Total |      90 |      39 |  30.2 |      23 |       3 |  11.5
            +---------+---------+-------+---------+---------+-------
        D:1 |      41 |       0 |   0.0 |      16 |       0 |   0.0
        D:2 |      49 |      39 |  44.3 |       7 |       3 |  30.0
            +---------+---------+-------+---------+---------+-------
